 Dungeon Crawl Stone Soup version 0.22-a0-533-g4d20840 (webtiles) character file.

1837 Hebeh the Cleaver (level 8, -1/75 HPs)
             Began as a Deep Dwarf Fighter on June 22, 2018.
             Slain by a troll (3 damage)
             ... on level 6 of the Dungeon.
             The game lasted 00:19:08 (3834 turns).

Hebeh the Cleaver (Deep Dwarf Fighter)              Turns: 3834, Time: 00:19:08

Health: -1/75      AC: 19    Str: 26    XL:     8   Next: 87%
Magic:  6/6        EV:  6    Int:  9    God:
Gold:   239        SH: 12    Dex: 10    Spells: 7/7 levels left

rFire    . . .     SeeInvis .   a - +7 war axe of Lies {protect, rElec Str+4 Dex-2 Stlth+}
rCold    . . .     Gourm    .   c - +1 shield
rNeg     . . .     Faith    .   s - +0 chain mail
rPois    .         Spirit   .   (no helmet)
rElec    +         Reflect  .   (no cloak)
rCorr    .         Harm     .   w - +0 pair of gloves
MR       ++...                  t - +0 pair of boots
Stlth    ..........             (no amulet)
HPRegen  0.00/turn              y - ring of protection from magic
MPRegen  0.10/turn              (no ring)

@: protection aura, non-regenerating
A: damage resistance, heal wounds, sense surroundings 1, no regeneration
a: Heal Wounds


You were on level 6 of the Dungeon.
You were not hungry.

You visited 1 branch of the dungeon, and saw 6 of its levels.

You collected 239 gold pieces.

Inventory:

Hand Weapons
 a - the +7 war axe of Lies (weapon) {protect, rElec Str+4 Dex-2 Stlth+}
   (You found it on level 5 of the Dungeon)

   It protects the one who uses it against injury (+AC on strike).
   It affects your strength (+4).
   It affects your dexterity (-2).
   It insulates you from electricity.
   It makes you more stealthy.
 b - a +2 flail of protection
 k - a +0 spear of flaming
Armour
 c - a +1 shield (worn)
 s - a +0 chain mail (worn)
 t - a +0 pair of boots (worn)
 v - a +0 large shield
 w - a +0 pair of gloves (worn)
Jewellery
 y - a ring of protection from magic (left hand)
Scrolls
 e - 4 scrolls of teleportation
 i - 2 scrolls of remove curse
Potions
 d - 2 potions of might
 g - a potion of agility {unknown}
 h - 5 potions of curing
 j - a potion of flight {unknown}
 m - 2 potions of mutation {unknown}
 n - a potion of brilliance {unknown}
 q - a potion of magic {unknown}
 x - 2 potions of heal wounds {unknown}
 z - a potion of berserk rage {unknown}
Comestibles
 f - 12 rations


   Skills:
 + Level 5.4 Fighting
 * Level 8.2 Axes
 + Level 6.5 Armour
 + Level 6.5 Shields


You had 7 spell levels left.
You didn't know any spells.
Your spell library was empty.

Dungeon Overview and Level Annotations

Branches:
Dungeon (6/15)
 Temple: D:4-7

Altars:
Dithmenos
Gozag
Uskayaw

Shops:
D:4 (


Innate Abilities, Weirdness & Mutations

You are resistant to damage.
You can heal yourself by infusing magical energy.
You passively map a small area around you.
You do not regenerate.


Message History

The troll is heavily wounded.
You block the troll's attack. The troll claws you!
* * * LOW HITPOINT WARNING * * *
You block the troll's attack.
You hit the troll.
The troll is heavily wounded.
You block the troll's attack. x2; The troll claws you.
You closely miss the troll.
The troll is heavily wounded.
The troll bites you but does no damage. You block the troll's attack.
The troll claws you but does no damage.
You slash the troll!
The troll is severely wounded.
The troll bites you!
* * * LOW HITPOINT WARNING * * *
You block the troll's attack. The troll barely misses you. x2
The troll claws you.
* * * LOW HITPOINT WARNING * * *
The troll claws you.
You die...

##.........(..
########..............
......###............,
####..# ##..........,
* ##.# #.... ... #.##
*#... .. #..# *#>.#.
** #..# *#.T## ##..#
*#<@#### # ##..##
##....# ###..##
########?.### ....##
##........##
.....###....##....#
##.....#.#######..##
#..###..# ##..#######
##......## #........#
###.....### ##.#######


You could see a troll.

Vanquished Creatures
  2 orc warriors (D:6)
  2 phantoms
  A necrophage (D:6)
  3 ogres
  A centaur (D:5)
  A bullfrog (D:5)
  3 wights (D:6)
  A howler monkey (D:5)
  A bullfrog zombie (D:5)
  4 orc priests (D:6)
  2 hounds
  6 orc wizards (D:6)
  7 worker ants
  A killer bee zombie (D:6)
  A worker ant zombie (D:6)
  14 adders
  A shadow imp (D:6)
  An adder skeleton (D:4)
  3 worms
  3 dart slugs
  6 leopard geckos
  16 orcs
  13 giant cockroaches
  8 goblins
  5 hobgoblins
  10 jackals
  2 quokkas
  A ball python (D:3)
  7 bats
  2 frilled lizards
  4 kobolds
  A quokka skeleton (D:6)
  13 rats
146 creatures vanquished.

Notes
Turn   | Place    | Note
-------+----------+-------------------------------------------
     0 | D:1      | Hebeh the Deep Dwarf Fighter began the quest for the Orb.
     0 | D:1      | Reached XP level 1. HP: 20/20 MP: 1/1
   142 | D:1      | Reached XP level 2. HP: 16/27 MP: 2/2
   827 | D:2      | Reached skill level 3 in Axes
   827 | D:2      | Reached XP level 3. HP: 16/34 MP: 3/3
   956 | D:2      | Reached XP level 4. HP: 32/42 MP: 4/4
  1585 | D:3      | Reached skill level 4 in Axes
  1619 | D:3      | Reached XP level 5. HP: 23/49 MP: 5/5
  1683 | D:3      | Found an opulent altar of Gozag.
  1938 | D:3      | Found an opulent altar of Gozag.
  2384 | D:4      | Found Kixaiwk's Weapon Emporium.
  2444 | D:4      | Found a hide-covered altar of Uskayaw.
  2516 | D:4      | Reached XP level 6. HP: 41/56 MP: 6/6
  2679 | D:4      | Reached skill level 5 in Axes
  2848 | D:5      | Entered Level 5 of the Dungeon
  2878 | D:5      | Got a dazzling war axe
  2936 | D:5      | Identified the +7 war axe of Lies {protect, rElec Str+4 Dex-2 Stlth+} (You found it on level 5 of the Dungeon)
  2991 | D:5      | Reached skill level 5 in Armour
  2991 | D:5      | Reached skill level 5 in Shields
  2991 | D:5      | Reached XP level 7. HP: 51/64 MP: 6/6
  3148 | D:5      | Reached skill level 6 in Axes
  3482 | D:6      | Reached XP level 8. HP: 52/73 MP: 6/6
  3498 | D:6      | Reached skill level 7 in Axes
  3528 | D:6      | Reached skill level 5 in Fighting
  3616 | D:6      | Found a shadowy altar of Dithmenos.
  3698 | D:6      | Reached skill level 8 in Axes
  3826 | D:6      | Noticed a troll
  3834 | D:6      | HP: 2/75 [troll (2)]
  3834 | D:6      | Slain by a troll

Vault maps used:
D:1:      sevenhm_arrival_forest_fort_large_2, roderic_lattice_a,
          minmay_splitting_lines, minmay_tiny_reverse_x
D:2:      lemuel_old_faithful
D:3:      minmay_roachtagon, old_standard_altar, grunt_gozag_breadcrumbs
D:4:      kennysheep_mini_moat, serial_shops, nicolae_shop_statue_plus,
          first_ration
D:5:      minmay_misc_feat_diagonals
D:6:      grunt_dithmenos_smoke_and_mirrors

Skill      XL: |  1  2  3  4  5  6  7  8 |
---------------+-------------------------+-----
Fighting       | 3 4 5 |  5.4
Axes           | 3 4 5 6 8 |  8.2
Armour         | 4 5 6 |  6.5
Shields        | 4 5 6 |  6.5

Action                   |  1- 3 |  4- 6 |  7- 9 || total
-------------------------+-------+-------+-------++-------
Melee: War axe           |    90 |   194 |   119 ||   403
 Abil: Heal Wounds       |     1 |     3 |     3 ||     7
  Use: Scroll            |       |     9 |     5 ||    14
  Eat: Chunk             |       |     7 |     1 ||     8
       Ration            |       |       |     1 ||     1
Armor: Scale mail        |    44 |    73 |       ||   117
       Chain mail        |       |    45 |    65 ||   110
Dodge: Dodged            |    27 |    63 |    34 ||   124
Block: Shield            |    46 |   111 |    87 ||   244

Table legend:
 A = Spawn XP
 B = Non-spawn XP
 C = Spawn XP percentage of total XP
 D = Spawn monster count
 E = Non-spawn monster count
 F = Spawn count percentage of total count
 G = Total turns spent on level
                    A         B        C        D         E        F      G
               +---------+---------+-------+---------+---------+-------+---------
         Total |       0 |    2625 |   0.0 |       0 |     146 |   0.0 |  3834
               +---------+---------+-------+---------+---------+-------+---------
           D:1 |       0 |      28 |   0.0 |       0 |      17 |   0.0 |   784
           D:2 |       0 |      85 |   0.0 |       0 |      17 |   0.0 |   617
           D:3 |       0 |     158 |   0.0 |       0 |      42 |   0.0 |   722
           D:4 |       0 |     307 |   0.0 |       0 |      10 |   0.0 |   725
           D:5 |       0 |     601 |   0.0 |       0 |      23 |   0.0 |   547
           D:6 |       0 |    1446 |   0.0 |       0 |      37 |   0.0 |   439
               +---------+---------+-------+---------+---------+-------+---------
